 Dungeon Crawl Stone Soup version 0.20.0-15-g7f486f2 (webtiles) character file.

30 Chiseanne the Magician (level 3, 15/24 HPs)
             Began as a Demonspawn Wizard on June 14, 2017.
             Quit the game on level 2 of the Dungeon.
             The game lasted 00:02:24 (1474 turns).

Chiseanne the Magician (Demonspawn Wizard)          Turns: 1474, Time: 00:02:24

Health: 15/24      AC:  8    Str:  7    XL:     3   Next: 3%
Magic:  0/8        EV: 12    Int: 20    God:
Gold:   100        SH:  0    Dex: 11    Spells: 6/9 levels left

rFire    . . .     SeeInvis .   o - +0 hand axe
rCold    . . .     Gourm    .   (no shield)
rNeg     . . .     Faith    .   a - +0 robe
rPois    .         Spirit   .   b - +0 hat
rElec    .         Reflect  .   (no cloak)
rCorr    .         Harm     +   (no gloves)
MR       .....                  (no boots)
Stlth    ++........             k - amulet of harm
Regen    0.1/turn               (no ring)
MPRegen  0.2/turn               (no ring)

@: quite poisoned (15 -> 7), sanguine armour
A: horns 1, sanguine armour 1
a: no special abilities


You were on level 2 of the Dungeon.
You were hungry.

You visited 1 branch of the dungeon, and saw 2 of its levels.

You collected 100 gold pieces.

Inventory:

Hand Weapons
 o - a +0 hand axe (weapon)
Missiles
 f - 14 tomahawks
 g - 28 stones (quivered)
 h - 19 sling bullets
 i - 32 arrows
Armour
 a - a +0 robe (worn)
 b - a +0 hat (worn)
Jewellery
 k - an amulet of harm (around neck)
Potions
 n - a potion of lignification
Books
 c - a book of Minor Magic

   Spells                             Type                      Level
   a - Magic Dart                     Conjuration                  1
   b - Blink                          Translocation                2
   c - Call Imp                       Summoning                    2
   d - Slow                           Hexes                        2
   e - Conjure Flame                  Conjuration/Fire             3
   f - Mephitic Cloud                 Conjuration/Poison/Air       3
Comestibles
 d - a bread ration
 j - a royal jelly
 l - 2 meat rations


   Skills:
 - Level 1.7 Dodging
 - Level 1.7 Stealth
 * Level 3.5 Spellcasting
 * Level 2.1 Conjurations
   Level 1.0 Summonings
 - Level 0.8 Translocations


You had 6 spell levels left.
You knew the following spells:

 Your Spells              Type           Power        Failure   Level  Hunger
a - Magic Dart            Conj           ##..         5%          1    None
b - Blink                 Tloc           N/A          14%         2    ##.....


Dungeon Overview and Level Annotations

Branches:
Dungeon (2/15)

Altars:

Annotations:
D:1 1 exclusion


Innate Abilities, Weirdness & Mutations

You have a pair of small horns on your head.
When seriously injured, your bleeding wounds create armour. (AC +6)


Message History

You are more poisoned.
The adder poisons you!
You closely miss the adder.
The adder is almost dead.
You feel sick. The adder barely misses you.
The adder bites you but does no damage.
Casting: Magic Dart
Confirm with . or Enter, or press ? or * to list all spells.
Aiming: Magic Dart
Press: ? - help, Shift-Dir - straight line, f/p - adder
Aim: an adder (almost dead)
The magic dart hits the adder.
You kill the adder!
Your Conjurations skill increases to level 2!
You have reached level 3!
Your experience leads to an increase in your attributes!
Increase (S)trength, (I)ntelligence, or (D)exterity?
You feel clever.
Your demonic ancestry asserts itself...
A pair of horns grows on your head!
Are you sure you want to abandon this character and quit the game? (Confirm with "yes".)

. ##. #..
#.# #.# #.#
...######†#
...†.$..@.#
...######<#
#.# ...
##.#. #.#.#
#.# # ..#
..#


There were no monsters in sight!

Vanquished Creatures
  An adder (D:2)
  A dart slug (D:1)
  3 bats (D:1)
  4 giant cockroaches (D:1)
  4 hobgoblins
  2 frilled lizards
  3 kobolds (D:1)
18 creatures vanquished.

Notes
Turn   | Place    | Note
-------+----------+-------------------------------------------
     0 | D:1      | Chiseanne the Demonspawn Wizard began the quest for the Orb.
     0 | D:1      | Reached XP level 1. HP: 13/13 MP: 4/4
   661 | D:1      | Gained mutation: When seriously injured, your bleeding wounds create armour. (AC +6) [demonic ancestry]
   661 | D:1      | Reached XP level 2. HP: 18/19 MP: 0/6
  1356 | D:1      | Learned a level 2 spell: Blink
  1473 | D:2      | Gained mutation: You have a pair of small horns on your head. [demonic ancestry]
  1473 | D:2      | Reached XP level 3. HP: 15/24 MP: 0/8
  1474 | D:2      | Quit the game

Skill      XL: |  1  2 |
---------------+-------+-----
Conjurations   | 2 |  2.1
Dodging        | |  1.7
Stealth        | |  1.7
Spellcasting   | |  3.5
Summonings     | |  1.0
Translocations | |  0.8

Action                   || total
-------------------------++-------
Melee: Club              ||     3
       Hand axe          ||     6
 Cast: Magic Dart        ||    51
  Use: Scroll            ||     4
  Eat: Chunk             ||     1
Armor: Robe              ||    12
Dodge: Dodged            ||    16
